AoeStats
← San

Arabia

504162154Analyzed
1v1 RM · 6d ago on Sep 4, 2026· 26m 32s· 2 players
Game mode
Random Map
Map size
Tiny (2 player)
Population
200
Speed
Normal
Resources
Standard
Victory
Conquest
Starting age
Dark Age
Ending age
Imperial Age
RankedLock teamsTeams togetherTeam positionsShared explorationLock speedFull tech treeHidden civsTurbo modeCheats
Victory
Defeat
🇺🇸 Malay · United States
1102
+16
🇭🇰 Huns · Hong Kong SAR China
1101
-16
San
6:50 Loom
9:50 Feudal Age
12:02 Double-Bit Axe
14:51 Wheelbarrow
18:09 Castle Age
16:54 Scale Mail Armor
16:59 Horse Collar
17:52 Fletching
19:13 Bow Saw
PlzDoNotLag
10:54 Feudal Age
17:05 Castle Age
15:33 Loom
23:44 Double-Bit Axe
Connection lost

Rejoining the realm…

Still unreachable

The connection could not be restored.

Session expired

The server has moved on; the page needs a fresh start.